 Dungeon Crawl Stone Soup version 0.30-a0-643-g638baaf3f0 (webtiles) character file.

Game seed: 12219053586722664781

22475 Citaku the Tortoise (level 12, -2/110 HPs)
             Began as a Minotaur Fighter on Jan 16, 2023.
             Was an Initiate of Gozag.
             Constricted to death by Jorgrun (9 damage)
             ... while petrified by Jorgrun
             ... on level 12 of the Dungeon.
             The game lasted 00:20:23 (14596 turns).

Citaku the Tortoise (Minotaur Fighter)             Turns: 14596, Time: 00:20:23

Health: -2/110     AC: 21    Str: 25    XL:     12   Next: 63%
Magic:  11/11      EV: -1    Int:  5    God:    Gozag
Gold:   2425       SH:  0    Dex: 11    Spells: 11/11 levels left

rFire   . . .      SeeInvis .    q - +2 war axe (venom)
rCold   . . .      Faith    .    c - +0 buckler
rNeg    + + +      Spirit   .    u - +1 plate armour
rPois   ∞          Reflect  .    (helmet restricted)
rElec   .          Harm     .    h - +0 cloak
rCorr   .          Rampage  .    (no gloves)
Will    .....                    x - +0 pair of boots Stlth
                                 B - amulet of magic regeneration
HPRegen 0.38/turn                e - ring of flight
MPRegen 0.52/turn                i - +4 ring of slaying

@: petrified, grasped by roots, flying, constricted
A: horns 2, retaliatory headbutt
a: Renounce Religion, Potion Petition, Call Merchant, Bribe Branch


You were on level 12 of the Dungeon.
You worshipped Gozag.
Gozag was most pleased with you.
You visited 2 branches of the dungeon, and saw 15 of its levels.
You also visited: Bailey.

You collected 2757 gold pieces.
You spent 264 gold pieces at shops.
You paid 68 gold pieces to Gozag.

Inventory:

Hand Weapons
 q - a +2 war axe of venom (weapon)
Armour
 c - a +0 buckler (worn)
 h - a +0 cloak (worn)
 u - a +1 plate armour (worn)
 x - a +0 pair of boots (worn)
Jewellery
 e - a ring of flight (left hand)
 i - a +4 ring of slaying (right hand)
 B - an amulet of magic regeneration (around neck)
Wands
 a - a wand of charming (7)
 b - a wand of mindburst (9)
 n - a wand of flame (42)
 t - a wand of polymorph (18)
 v - a wand of iceblast (3)
Scrolls
 f - 8 scrolls of teleportation
 k - a scroll of enchant weapon
 r - 2 scrolls of identify
 s - a scroll of fear
Potions
 d - 3 potions of invisibility
 g - 2 potions of attraction
 j - 4 potions of lignification
 l - a potion of cancellation
 m - 3 potions of flight
 o - 2 potions of mutation
 p - a potion of berserk rage {unknown}
 w - a potion of haste
 z - 4 potions of brilliance


   Skills:
 + Level 11.1 Fighting
 * Level 14.9 Axes
 * Level 15.0 Armour
 + Level 11.1 Shields


You had 11 spell levels left.
You didn't know any spells.
Your spell library contained the following spells:

 Spells                   Type           Power      Damage    Failure   Level
 Beastly Appendage        Tmut           0%         N/A       99%         1
 Wereblood                Tmut           0%         N/A       100%        2
 Portal Projectile        Hex/Tloc       0%         N/A       100%        3
 Spider Form              Tmut/Pois      0%         N/A       100%        3
 Tukima's Dance           Hex            0%         N/A       100%        3
 Olgreb's Toxic Radiance  Pois           0%         N/A       100%        4
 Passage of Golubria      Tloc           0%         N/A       100%        4
 Blade Hands              Tmut           0%         N/A       100%        5
 Yara's Violent Unravell  Hex/Tmut       0%         3d3       100%        5
 Ozocubu's Refrigeration  Ice            0%         4d7       100%        7
 Ignition                 Fire           0%         3d3       100%        8


Dungeon Overview and Level Annotations

Branches:
Dungeon (14/15)            Temple (1/1) D:4            Lair (0/5) D:9
    Orc (0/2) D:9          Bailey (visited)
 Vaults: D:13-14

Altars:
Ashenzari
Cheibriados
Dithmenos
Elyvilon
Fedhas
Gozag
Hepliaklqana
Kikubaaqudgha
Makhleb
Nemelex Xobeh
Okawaru
Qazlal
Ru
Sif Muna
Trog
Uskayaw
Vehumet
Wu Jian
Xom
Yredelemnul
Zin
The Shining One

Shops:
D:2 *

Annotations:
D:6 1 runed translucent door, Dwachs's ghost, novice TeFE
D:12 2 runed translucent doors, Jorgrun; Syfon's ghost, journeyman MiFi


Innate Abilities, Weirdness & Mutations

You have a pair of horns on your head.
You reflexively headbutt those who attack you in melee.


Message History

Jorgrun is moderately wounded.
Jorgrun hits you with a +0 heavy quarterstaff.
The grasping roots constrict you!
You hit Jorgrun.
Jorgrun looks as sick as possible!
Jorgrun is moderately wounded.
Jorgrun completely misses you. The grasping roots constrict you.
You hit Jorgrun. Your headbutt misses Jorgrun.
Jorgrun is moderately wounded.
You hit Jorgrun.
Jorgrun looks as sick as possible!
Jorgrun is moderately wounded.
Jorgrun hits you but does no damage. The grasping roots constrict you!
You are too injured to fight recklessly!
The roots grasp on you weakens, but your attempt to escape fails.
You escape the roots grasp.
Jorgrun attacks as you move away! Jorgrun hits you but does no damage.
Jorgrun gestures at you while chanting.
You are slowing down.
Your limbs are stiffening.
You have turned to stone.
Jorgrun points at you and mumbles some strange words.
Roots burst forth from the earth!
The grasping roots grab you! The grasping roots constrict you!!
Jorgrun hits you with a +0 heavy quarterstaff!!
The grasping roots constrict you.
Jorgrun hits you with a +0 heavy quarterstaff!
* * * LOW HITPOINT WARNING * * *
The grasping roots constrict you.
* * * LOW HITPOINT WARNING * * *
Jorgrun hits you but does no damage. The grasping roots constrict you!
* * * LOW HITPOINT WARNING * * *
Jorgrun hits you with a +0 heavy quarterstaff!!
* * * LOW HITPOINT WARNING * * *
The grasping roots constrict you!
* * * LOW HITPOINT WARNING * * *
Jorgrun hits you with a +0 heavy quarterstaff.
* * * LOW HITPOINT WARNING * * *
The grasping roots constrict you!!
You die...
Your body crumbles into a pile of gold.

.....##...### #.#
.....#......# #.#
............# ## #.#
....####++###*#.#### #.#
....##W~...?.##^...# #.#
....#≈.8.#~.###....###.#
....#.#.≈~.~#*#.....##.#
....##..=.~#|##......>.#
....#*##.#≈###..@g....##
....###########.....#..#
.....<........#.........#*
....####...........###...#*
...#####..#.......##
*##..#* ..^...............#
*#..# ...#####.#........#
*#.# ..### #.#.##.....#
*.#** ....####...##.))..#
*,,,*


You could see Jorgrun (very poisoned).

Vanquished Creatures
  A centaur warrior (D:13)
  2 two-headed ogres (D:11)
  Erica (D:11)
  Nergalle (D:11)
  4 skeletal warriors
  A death drake (shapeshifter) (D:14)
  An orc knight (Bailey)
  Pikel (D:9)
  2 deep elf pyromancers
  3 cyclopes
  2 manticores
  2 ugly things
  2 gargoyles
  2 kobold demonologists (D:11)
  An unseen horror (D:11)
  A rime drake (D:9)
  A troll (D:14)
  2 hornets
  9 slime creatures
  Sigmund (D:3)
  Eustachio (D:4)
  3 wyverns
  20 yaks
  2 steam dragons
  2 wraiths
  Grum (D:8)
  3 water moccasins
  An acid dragon (D:13)
  2 orc warriors
  7 ice beasts
  An ogre (D:6)
  6 wolves
  A phantom (D:5)
  7 centaurs
  3 kobold brigands
  4 lemures (D:9)
  3 bullfrogs
  2 necrophages
  2 scorpions (D:7)
  5 wights (D:9)
  A killer bee (D:4)
  3 electric eels (D:9)
  A hound (D:7)
  2 jellies
  4 orc priests
  4 gnoll boudas
  Crazy Yiuf (D:4)
  3 iguanas
  Jessica (D:2)
  7 orc wizards
  Terence (D:2)
  30 gnolls
  9 adders
  A white imp (D:8)
  2 ufetubi (D:4)
  2 worms
  4 dart slugs
  35 orcs
  7 ball pythons
  6 endoplasms
  4 giant cockroaches
  11 goblins
  10 hobgoblins
  8 jackals
  16 kobolds
  4 quokkas
  A bat (D:2)
  5 frilled lizards
  3 rats (D:1)
302 creatures vanquished.

Vanquished Creatures (others)
  17 plants
17 creatures vanquished.

Grand Total: 319 creatures vanquished

Notes
Turn   | Place    | Note
-------+----------+-------------------------------------------
     0 | D:1      | Citaku the Minotaur Fighter began the quest for the Orb.
     0 | D:1      | Reached XP level 1. HP: 19/19 MP: 0/0
   133 | D:1      | Reached XP level 2. HP: 27/27 MP: 1/1
   252 | D:1      | Reached skill level 4 in Armour
   741 | D:2      | Reached XP level 3. HP: 33/33 MP: 2/2
   826 | D:2      | Noticed Terence
   831 | D:2      | Killed Terence
   918 | D:2      | Reached XP level 4. HP: 37/40 MP: 3/3
   957 | D:2      | Noticed Jessica
   961 | D:2      | Killed Jessica
  1088 | D:2      | Found Tyqaw's General Store.
  1280 | D:3      | Found a faded altar of an unknown god.
  1328 | D:3      | Noticed Sigmund
  1336 | D:3      | Killed Sigmund
  1337 | D:3      | Reached skill level 5 in Armour
  1337 | D:3      | Reached XP level 5. HP: 30/47 MP: 4/4
  1337 | D:3      | Reached XP level 6. HP: 34/53 MP: 5/5
  1602 | D:3      | Found a radiant altar of Vehumet.
  1692 | D:3      | Found a broken altar of Ashenzari.
  1881 | D:3      | Reached skill level 5 in Axes
  2063 | D:4      | Found an ancient bone altar of Kikubaaqudgha.
  2064 | D:4      | Found an opulent altar of Gozag.
  2069 | D:4      | Became a worshipper of Gozag Ym Sagoz the Greedy
  2099 | D:4      | Noticed Eustachio
  2104 | D:4      | Found a burning altar of Makhleb.
  2220 | D:4      | Reached skill level 5 in Fighting
  2242 | D:4      | Killed Eustachio
  2243 | D:4      | Reached skill level 6 in Armour
  2243 | D:4      | Reached skill level 5 in Shields
  2243 | D:4      | Reached XP level 7. HP: 25/61 MP: 6/6
  2600 | D:4      | Found a runed translucent door.
  2601 | D:4      | Noticed Crazy Yiuf
  2729 | D:4      | Killed Crazy Yiuf
  2873 | D:4      | Found a hide-covered altar of Uskayaw.
  2946 | D:4      | Found a staircase to the Ecumenical Temple.
  2964 | Temple   | Entered the Ecumenical Temple
  3185 | D:2      | Bought 2 potions of heal wounds for 110 gold pieces
  3185 | D:2      | Bought a potion of heal wounds for 55 gold pieces
  3185 | D:2      | Bought a potion of might for 44 gold pieces
  3185 | D:2      | Bought a potion of heal wounds for 55 gold pieces
  3487 | D:5      | Entered Level 5 of the Dungeon
  3487 | D:5      | Noticed a yak
  3487 | D:5      | Noticed a yak
  3487 | D:5      | Noticed a yak
  3487 | D:5      | Noticed a yak
  3487 | D:5      | Noticed a yak
  3497 | D:4      | HP: 3/61 [yak (11)]
  3985 | D:5      | Reached skill level 7 in Armour
  4300 | D:5      | Reached XP level 8. HP: 16/70 MP: 7/7
  5168 | D:6      | Reached skill level 8 in Armour
  5200 | D:6      | Found a glowing golden altar of the Shining One.
  5406 | D:6      | Found a runed translucent door.
  5446 | D:6      | Found a shimmering altar of Xom.
  5446 | D:6      | Noticed Dwachs's ghost (novice TeFE)
  5447 | D:6      | Noticed a +0 mace of chaos
  5522 | D:6      | Found a shimmering blue altar of Sif Muna.
  5813 | D:6      | Found a blossoming altar of Fedhas.
  5833 | D:6      | Found a snail-covered altar of Cheibriados.
  5865 | D:6      | Found an ornate altar of the Wu Jian Council.
  6062 | D:7      | Reached XP level 9. HP: 38/78 MP: 8/8
  6468 | D:7      | Reached skill level 9 in Armour
  7115 | D:8      | Noticed Grum
  7135 | D:8      | Reached skill level 10 in Armour
  7137 | D:8      | Reached skill level 10 in Axes
  7141 | D:8      | Killed Grum
  7520 | D:8      | Found a flagged portal.
  7529 | Bailey   | Entered a bailey
  7799 | Bailey   | Noticed an orc knight
  7863 | Bailey   | Killed an orc knight
  7864 | Bailey   | Reached XP level 10. HP: 27/87 MP: 9/9
  8471 | D:9      | Found a stormy altar of Qazlal.
  8496 | D:9      | Paralysed by a hornet for 2 turns
  8500 | D:9      | Reached skill level 11 in Armour
  8611 | D:9      | Found a staircase to the Lair.
  9010 | D:9      | Noticed Pikel
  9021 | D:9      | Killed Pikel
  9445 | D:9      | Found a staircase to the Orcish Mines.
  9459 | D:9      | Reached skill level 12 in Armour
  9966 | D:10     | Entered Level 10 of the Dungeon
 10162 | D:10     | Reached XP level 11. HP: 89/97 MP: 10/10
 10891 | D:11     | Noticed Nergalle
 10899 | D:11     | Killed Nergalle
 10945 | D:11     | You are sucked into a shaft and drop 3 floors!
 11030 | D:14     | a wind drake changed into a death drake
 11030 | D:14     | Noticed a death drake (shapeshifter)
 11034 | D:14     | Noticed a deep elf pyromancer
 11035 | D:14     | Killed a death drake
 11039 | D:14     | Killed a deep elf pyromancer
 11162 | D:14     | Reached skill level 13 in Armour
 11353 | D:13     | Noticed a skeletal warrior
 11353 | D:13     | Noticed a skeletal warrior
 11387 | D:14     | Killed a skeletal warrior
 11741 | D:13     | Killed a skeletal warrior
 12033 | D:13     | Noticed a centaur warrior
 12095 | D:13     | Killed a centaur warrior
 12096 | D:13     | Reached skill level 10 in Fighting
 12097 | D:13     | Reached skill level 10 in Shields
 12424 | D:13     | Noticed a skeletal warrior
 12442 | D:13     | Killed a skeletal warrior
 12515 | D:13     | Noticed a skeletal warrior
 12528 | D:13     | Killed a skeletal warrior
 12540 | D:13     | Noticed a deep elf pyromancer
 12565 | D:13     | Killed a deep elf pyromancer
 12818 | D:11     | Reached XP level 12. HP: 107/107 MP: 11/11
 12957 | D:11     | Reached skill level 14 in Armour
 13004 | D:11     | Noticed a two-headed ogre
 13010 | D:11     | Killed a two-headed ogre
 13220 | D:11     | Noticed a two-headed ogre
 13228 | D:11     | Killed a two-headed ogre
 13614 | D:11     | Noticed Erica
 13626 | D:11     | Killed Erica
 14413 | D:12     | Reached skill level 15 in Armour
 14513 | D:12     | Found a large runed translucent door.
 14514 | D:12     | Found a large runed translucent door.
 14517 | D:12     | Noticed Syfon's ghost (journeyman MiFi)
 14567 | D:12     | Noticed Jorgrun
 14596 | D:12     | Constricted to death by Jorgrun

Illustrated notes

Levels and vault maps discovered:
D:1:      minmay_arrival_doors, layout_basic, kennysheep_boxes
D:2:      layout_rooms, serial_shops, shop, uniq_terence, uniq_jessica
D:3:      layout_loops_ring, mainiacjoe_overflow_alcove_2,
          evilmike_ruin_ashenzari,
          hellmonk_ecumenical_altar_pennies_from_heaven, uniq_sigmund
D:4:      minmay_spotlight, layout_cave_pools, kennysheep_little_box,
          eat_drink_and_be_merry_uskayaw, nicolae_overflow_two_pavilions,
          minmay_temple_entry_poolview, minivault_4, nicolae_grassy_gnolls,
          uniq_eustachio, uniq_crazy_yiuf_cottage
D:5:      layout_cave_pods
D:6:      layout_loops_ring, nicolae_sif_muna_little_library, slow_altar_2,
          mainiacjoe_overflow_brackets, fedhas_altar_decomposition,
          nicolae_wu_jian_immortal_techniques, ebering_ghost_xom, st_stairs_12
D:7:      layout_cave_pools, small_statue_intersection
D:8:      layout_gridville, enter_bailey_3, uniq_grum
D:9:      layout_long_grid, kennysheep_mini_moat, hellmonk_lair_entry_icy,
          hangedman_abyss_or_decor_clamps, chequers_big_river, uniq_pikel
D:10:     layout_irregular_city
D:11:     layout_loops_ring, uniq_erica, uniq_nergalle
D:12:     layout_rooms, ebering_ghost_disaster_area, fungi_pond_lemuel,
          uniq_jorgrun
D:13:     layout_basic, david_vaults_5, ebering_ghost_disaster_area
D:14:     layout_loops_corners, trog_ov_bears_minmay
Temple:   nicolae_temple_two_arcs

Skill      XL: |  1  2  3  4  5  6  7  8  9 10 11 12 |
---------------+-------------------------------------+-----
Armour         | 4 5 6 7 8 10 12 13 15 | 15.0
Axes           | 3 4 5 6 8 10 12 13 14 | 14.9
Fighting       | 4 5 6 8 9 10 11 | 11.1
Shields        | 4 5 6 7 9 10 11 | 11.1

Action                   |  1- 3 |  4- 6 |  7- 9 | 10-12 || total
-------------------------+-------+-------+-------+-------++-------
Melee: War axe           |    55 |    94 |   204 |   386 ||   739
       Headbutt          |    11 |     4 |    31 |    83 ||   129
  Use: Potion            |       |     2 |    14 |    13 ||    29
       Scroll            |       |       |    17 |     4 ||    21
 Stab: Invisible         |       |       |     1 |       ||     1
       Distracted        |       |       |       |     3 ||     3
Armor: Scale mail        |    26 |    51 |    67 |       ||   144
       Plate armour      |       |       |    19 |   192 ||   211
       Ring mail         |       |       |    15 |       ||    15
Dodge: Dodged            |    34 |    55 |   102 |   101 ||   292
Block: Buckler           |    11 |    26 |    80 |    96 ||   213

Table legend: (Time is in decaauts)
 A = Elapsed time spent in this place.
 B = Non-inter-level travel time spent in this place.
 C = Inter-level travel time spent in this place.
 D = Time resting spent in this place.
 E = Time spent auto-exploring this place.
 F = Levels seen in this place.
 G = Mean time per level.
                   A        B        C        D        E       F      G
               +--------+--------+--------+--------+--------+-----+--------+
         Total |  14571 |  14139 |    432 |   2475 |   9406 |  16 |  910.7 |
       Dungeon |  13706 |  13289 |    417 |   2340 |   8867 |  14 |  979.0 |
        Temple |    117 |    102 |     15 |      0 |     94 |   1 |  117.0 |
        Bailey |    747 |    747 |      0 |    135 |    445 |   1 |  747.0 |
               +--------+--------+--------+--------+--------+-----+--------+

Top non-repeatable levels by time:
     D:9: 1596 daAuts
     D:4: 1396 daAuts
    D:14: 1316 daAuts
    D:11: 1226 daAuts
     D:5: 1160 daAuts
     D:6: 1137 daAuts
     D:7: 1040 daAuts
    D:10: 957 daAuts
     D:3: 843 daAuts
  Bailey: 747 daAuts
     D:1: 742 daAuts
     D:2: 681 daAuts
    D:12: 677 daAuts
     D:8: 562 daAuts
    D:13: 367 daAuts
